 Dungeon Crawl Stone Soup version 0.29.1-1-gd02db69 (webtiles) character file.

Game seed: 682815655118198006

177 Kel the Chopper (level 5, 0/32 HPs)
             Began as a Gargoyle Berserker on Jan 26, 2023.
             Was a Follower of Trog.
             Slain by Edmund
             ... wielding a +4 flail of protection
              (7 damage)
             ... on level 4 of the Dungeon.
             The game lasted 00:03:17 (2844 turns).

Kel the Chopper (Gargoyle Berserker)                Turns: 2844, Time: 00:03:18

Health: 0/32       AC: 10    Str: 23    XL:     5   Next: 57%
Magic:  5/5        EV: 11    Int:  7    God:    Trog [*.....]
Gold:   261        SH:  0    Dex:  9    Spells: 4/4 levels left

rFire   . . .      SeeInvis .   a - +0 hand axe
rCold   . . .      Faith    .   (no shield)
rNeg    + . .      Spirit   .   f - +0 ring mail
rPois   ∞          Reflect  .   (no helmet)
rElec   +          Harm     .   o - +0 cloak
rCorr   .          Rampage  .   (no gloves)
Will    .....                   (no boots)
Stlth   ..........              (no amulet)
HPRegen 0.10/turn               (no ring)
MPRegen 0.09/turn               (no ring)

@: on berserk cooldown, slowed, very slow
A: sickness immunity, AC +4, negative energy resistance 1, electricity
resistance, torment resistance 1, petrification resistance
a: Renounce Religion, Berserk


You were on level 4 of the Dungeon.
You worshipped Trog.
Trog was aware of your devotion.
You visited 1 branch of the dungeon, and saw 4 of its levels.

You collected 261 gold pieces.

Inventory:

Hand Weapons
 a - a +0 hand axe (weapon)
Armour
 f - a +0 ring mail (worn)
 o - a +0 cloak (worn)
Wands
 m - a wand of digging (4)
Scrolls
 c - 2 scrolls of teleportation {unknown}
 d - 2 scrolls of identify {unknown}
 g - a scroll of poison {unknown}
 j - a scroll of vulnerability {unknown}
 l - 2 scrolls of fear {unknown}
 p - a scroll of silence {unknown}
 q - a scroll of magic mapping {unknown}
 r - a scroll of noise {unknown}
Potions
 b - a potion of resistance {unknown}
 e - a potion of berserk rage {unknown}
 h - 2 potions of might {unknown}
 i - 2 potions of flight {unknown}
 k - a potion of haste {unknown}
 n - a potion of experience {unknown}
 s - a potion of curing


   Skills:
 - Level 3.4 Fighting
 + Level 5.3 Axes
 - Level 2.3 Armour
 - Level 1.7 Dodging


You had 4 spell levels left.
You didn't know any spells.
Your spell library was empty.

Dungeon Overview and Level Annotations

Branches:
Dungeon (4/15)
 Temple: D:4-7

Altars:
Trog

Annotations:
D:4 Edmund


Innate Abilities, Weirdness & Mutations

You are immune to sickness and miasma.
Your stone body is resilient. (AC +4)
You are immune to poison.
You resist negative energy. (rN+)
You are resistant to electric shocks. (rElec)
You are resistant to unholy torment.
You are immune to petrification.


Message History

You hit the ogre.
The ogre is almost dead.
The ogre closely misses you.
You slash the ogre!
You kill the ogre!
Trog accepts your kill.
You are no longer berserk.
You are exhausted.
You feel yourself slow down.
Your Axes skill increases to level 5!
You have reached level 5!
You hit Edmund.
Edmund is lightly wounded.
You hit the ball python. The ball python bites you. The ball python grabs you.
The ball python constricts you.
Edmund hits you with a +4 flail of protection.
The ball python bites you but does no damage.
The ball python constricts you.
You hit Edmund but do no damage.
Edmund is lightly wounded.
You closely miss the ball python.
The ball python bites you but does no damage.
The ball python constricts you.
Edmund hits you with a +4 flail of protection.
The ball python bites you.
* * * LOW HITPOINT WARNING * * *
The ball python constricts you.
* * * LOW HITPOINT WARNING * * *
Edmund barely misses you.
You hit Edmund but do no damage.
Edmund is lightly wounded.
You hit the ball python.
You kill the ball python!
Trog accepts your kill.
Edmund hits you with a +4 flail of protection.
* * * LOW HITPOINT WARNING * * *
You hit Edmund.
Edmund is lightly wounded.
Edmund hits you with a +4 flail of protection!
You die...

.# .. .# #. #.# ..#.
#.# #.#. #.#
#.^.#### #.#
#......# #.#
#..).#.# #.#
#.#†@#.####.#
#..@........########
#....#.#####<......#
#.......# #.#####.#
#......### #.#
#.###...# ### .
#...# #.... #...


You could see Edmund.

Vanquished Creatures
  An ogre (D:4)
  Crazy Yiuf (D:2)
  An adder (D:3)
  3 worms (D:2)
  A dart slug (D:2)
  3 orcs (D:3)
  5 bats
  An endoplasm (D:1)
  2 giant cockroaches
  A goblin (D:2)
  5 hobgoblins
  5 ball pythons
  2 frilled lizards
  7 kobolds
  5 rats
43 creatures vanquished.

Vanquished Creatures (others)
  A wizard (D:3)
1 creature vanquished.

Grand Total: 44 creatures vanquished

Notes
Turn   | Place    | Note
-------+----------+-------------------------------------------
     0 | D:1      | Kel the Gargoyle Berserker began the quest for the Orb.
     0 | D:1      | Reached XP level 1. HP: 14/14 MP: 1/1
   324 | D:1      | Reached XP level 2. HP: 19/19 MP: 2/2
   465 | D:1      | Reached skill level 3 in Axes
  1259 | D:2      | Reached XP level 3. HP: 23/23 MP: 3/3
  1940 | D:2      | Found a runed translucent door.
  1941 | D:2      | Noticed Crazy Yiuf
  2019 | D:2      | Killed Crazy Yiuf
  2020 | D:2      | Reached skill level 4 in Axes
  2020 | D:2      | Reached XP level 4. HP: 16/28 MP: 4/4
  2268 | D:3      | Identified the +8 sling "Satwytu" {flame, rF+}
  2531 | D:3      | Reached ** piety under Trog
  2706 | D:3      | Found a bloodstained altar of Trog.
  2708 | D:3      | Noticed a wizard
  2712 | D:3      | Killed a wizard
  2832 | D:4      | Noticed an ogre
  2834 | D:4      | Noticed Edmund
  2840 | D:4      | Killed an ogre
  2841 | D:4      | Reached skill level 5 in Axes
  2841 | D:4      | Reached XP level 5. HP: 23/32 MP: 5/5
  2844 | D:4      | Slain by Edmund

Illustrated notes

Levels and vault maps discovered:
D:1:      dpeg_arrival_rooms_a, layout_loops_ring
D:2:      layout_basic, uniq_crazy_yiuf_cottage
D:3:      layout_rooms, trog_wizard
D:4:      layout_loops_cross, nicolae_ru_awakened_eye, vehumet_crystals,
          amcnicky_mini_rare_corridor_liquid, uniq_duvessa, uniq_edmund

Skill      XL: |  1  2  3  4 |
---------------+-------------+-----
Axes           | 3 4 5 |  5.3
Fighting       | |  3.4
Armour         | |  2.3
Dodging        | |  1.7

Action                   |  1- 3 |  4- 6 || total
-------------------------+-------+-------++-------
Melee: Hand axe          |   110 |    51 ||   161
       Punch             |     1 |       ||     1
Invok: Berserk           |     1 |     1 ||     2
Armor: Animal skin       |    18 |       ||    18
       Ring mail         |    29 |    23 ||    52
Dodge: Dodged            |    69 |    24 ||    93
